 Dungeon Crawl Stone Soup version 0.31-a0-175-g9f7f995f2b (webtiles) character file.

Game seed: 489479187147036415

32 qw the Shooter (level 3, -5/21 HPs)
             Began as a Gargoyle Hunter on June 17, 2023.
             Slain by Sigmund
             ... wielding a +0 scythe
              (8 damage)
             ... on level 1 of the Dungeon.
             The game lasted 00:00:22 (715 turns).

qw the Shooter (Gargoyle Hunter)                     Turns: 715, Time: 00:00:22

Health: -5/21      AC:  6    Str: 14    XL:     3   Next: 25%
Magic:  3/3        EV: 11    Int:  9    God:
Gold:   1          SH:  0    Dex: 15    Spells: 2/2 levels left

rFire   . . .        Y - +0 shortbow
rCold   . . .        (shield currently unavailable)
rNeg    + . .        c - +0 leather armour
rPois   inf          (no helmet)
rElec   +            (no cloak)
rCorr   .            (no gloves)
SInv    .            (no boots)
Will    .....        g - amulet of the acrobat
Stlth   ++           (no ring)
HPRegen 0.23/turn    (no ring)
MPRegen 0.08/turn

%: acrobat
@: no status effects
A: sickness immunity, AC +3, negative energy resistance 1, electricity
resistance, torment resistance 1, petrification resistance
a: no special abilities


You were on level 1 of the Dungeon.
You visited 1 branch of the dungeon, and saw 2 of its levels.

You collected 21 gold pieces.
You spent 20 gold pieces at shops.


Innate Abilities, Weirdness & Mutations

You are immune to sickness and miasma.
Your stone body is resilient. (AC +3)
You are immune to poison.
You resist negative energy. (rN+)
You are resistant to electric shocks. (rElec)
You are resistant to unholy torment.
You are immune to petrification.


   Skills:
 + Level 2.1 Fighting
 - Level 5.0 Ranged Weapons
 - Level 1.5 Dodging
 - Level 1.1 Stealth


You had 2 spell levels left.
You didn't know any spells.
Your spell library was empty.

Inventory:

Hand Weapons
 Y - a +0 shortbow (weapon)
Armour
 c - a +0 leather armour (worn)
Jewellery
 g - an amulet of the acrobat (around neck)
Scrolls
 e - 2 scrolls of identify
Potions
 d - 2 potions of curing

Dungeon Overview and Level Annotations

Branches:
Dungeon (2/15)

Altars:

Shops:
D:1 ?

Annotations:
D:1 Sigmund


Message History

The arrow hits Sigmund but does no damage.
Sigmund casts a spell at you.
The magic dart hits you but does no damage.
You shoot an arrow. The arrow hits Sigmund.
Sigmund is lightly wounded.
Sigmund hits you with a +0 scythe!
704 ||| STAIRDANCE Sigmund hits you with a +0 scythe!
You climb upwards.
There is a stone staircase leading down here.
You shoot an arrow. The arrow hits Sigmund.
Sigmund is lightly wounded.
Sigmund hits you with a +0 scythe.
You shoot an arrow. The arrow hits Sigmund.
Sigmund is lightly wounded.
You shoot an arrow.
The arrow hits Sigmund but does no damage.
Sigmund is lightly wounded.
Sigmund misses you.
You shoot an arrow.
The arrow hits Sigmund but does no damage.
Sigmund is lightly wounded.
Sigmund hits you but does no damage.
You shoot an arrow. The arrow hits Sigmund.
Sigmund is lightly wounded.
Sigmund misses you.
You shoot an arrow. The arrow hits Sigmund.
Sigmund is moderately wounded.
You shoot an arrow. The arrow hits Sigmund.
Sigmund is moderately wounded.
Sigmund points at you and mumbles some strange words.
The puff of flame misses you. Sigmund hits you but does no damage.
You shoot an arrow. The arrow closely misses Sigmund.
You shoot an arrow. The arrow hits Sigmund.
Sigmund is heavily wounded.
Sigmund hits you with a +0 scythe.
You shoot an arrow. The arrow hits Sigmund.
Sigmund is heavily wounded.
Sigmund hits you with a +0 scythe!
You die...

####### ####### #.....# #.....#
#####.###.##########.###.#
########.....# #..........#.###.#
.............###@###.####........
.......#.###..)@.# #.# #...#####
.......#.# ####..# #.# #..)#
.......#.# #..# #.# #...#
.......#.# #..# #.## #...#
.......#.# #..# #..# #...#
.......#.# #.#####'#####.####
.......#.# #.#.........#....#
.##.##.#.## #.#.........#.##.#


You could see Sigmund.

Vanquished Creatures
  An adder (D:2)
  A dart slug (D:1)
  4 bats (D:1)
  3 endoplasms (D:1)
  A goblin (D:1)
  4 hobgoblins (D:1)
  2 quokkas (D:1)
  A frilled lizard (D:1)
  A kobold (D:1)
  A rat (D:1)
19 creatures vanquished.

Notes
Turn   | Place    | Note
-------+----------+-------------------------------------------
     0 | D:1      | qw the Gargoyle Hunter began the quest for the Orb.
     0 | D:1      | Reached XP level 1. HP: 12/12 MP: 1/1
     0 | D:1      | 0 ||| qw: Version: 0.3-a-2-g5ab2908
     0 | D:1      | 0 ||| qw: Game counter: 330
     0 | D:1      | 0 ||| qw: Always use a shield: true
     0 | D:1      | 0 ||| qw: God list: Okawaru
     0 | D:1      | 0 ||| qw: Allow faded altars: false
     0 | D:1      | 0 ||| qw: Do Orc after D:15 true
     0 | D:1      | 0 ||| qw: Do second Lair branch before Depths: true
     0 | D:1      | 0 ||| qw: Lair rune preference: random
     0 | D:1      | 0 ||| qw: Plans: Normal, Zot:1-4, Slime:5, God:TSO, Crypt,
                  | Tomb, Abyss, Pan, Hells, Win
     0 | D:1      | 0 ||| PLANNING D:1-11
    96 | D:1      | Reached XP level 2. HP: 17/17 MP: 2/2
   222 | D:1      | Found Jiteskyo's Magic Scroll Shop.
   241 | D:1      | 241 ||| SHOPLISTING scroll of acquirement (520 gold, have
                  | 21).
   241 | D:1      | 241 ||| BUYING scroll of identify (20 gold).
   241 | D:1      | Bought a scroll of identify for 20 gold pieces
   241 | D:1      | 241 ||| SHOPLISTING scroll of identify (20 gold, have 1).
   241 | D:1      | 241 ||| SHOPLISTING scroll of teleportation (30 gold, have
                  | 1).
   558 | D:1      | 558 ||| UPGRADING to amulet of the acrobat.
   563 | D:1      | 563 ||| READING scroll labelled SIUBEA FAYPLO.
   567 | D:1      | 567 ||| DRINKING 3 coppery potions.
   568 | D:1      | 568 ||| DROPPING scroll of butterflies.
   592 | D:2      | 592 ||| STAIRDANCE
   625 | D:2      | 625 ||| STAIRDANCE
   659 | D:2      | Reached skill level 5 in Ranged Weapons
   659 | D:2      | Reached XP level 3. HP: 17/21 MP: 3/3
   675 | D:2      | Noticed Sigmund
   683 | D:2      | 683 ||| FLEEEEING.
   686 | D:2      | 686 ||| FLEEEEING.
   687 | D:2      | 687 ||| STAIRDANCE
   704 | D:2      | 704 ||| STAIRDANCE
   704 | D:2      | HP: 5/21 [Sigmund/+0 scythe (8)]
   706 | D:1      | HP: 2/21 [Sigmund/+0 scythe (4)]
   714 | D:1      | HP: 3/21 [Sigmund/+0 scythe (1)]
   715 | D:1      | Slain by Sigmund

Levels and vault maps discovered:
D:1:      mushboom_english_gardens, layout_loops_ring, serial_shops, shop,
          dk_noncrumbling_4
D:2:      layout_rooms, uniq_sigmund

Skill      XL: |  1  2 |
---------------+-------+-----
Ranged Weapons | 5 |  5.0
Fighting       | |  2.1
Dodging        | |  1.5
Stealth        | |  1.1

Action                     || total
---------------------------++-------
   Fire: Shortbow          ||    98
    Use: Scroll            ||     1
         Potion            ||     1
 Armour: Leather armour    ||    22
  Dodge: Dodged            ||    41

Table legend:
 A = Non-vault XP
 B = Vault XP
 C = Vault XP percentage of total XP
 D = Non-vault monster count
 E = Vault monster count
 F = Vault count percentage of total count
                 A         B        C        D         E       F
            +---------+---------+-------+---------+---------+-------
      Total |      46 |       0 |   0.0 |      19 |       0 |   0.0
            +---------+---------+-------+---------+---------+-------
        D:1 |      33 |       0 |   0.0 |      18 |       0 |   0.0
        D:2 |      13 |       0 |   0.0 |       1 |       0 |   0.0
            +---------+---------+-------+---------+---------+-------
